 Dungeon Crawl Stone Soup version 0.23-a0-79-gaa8cc03 (webtiles) character file.

23 Amnesiac the Gusty (level 2, -1/19 HPs)
             Began as a Mummy Air Elementalist on Aug 11, 2018.
             Slain by a jackal (2 damage)
             ... on level 1 of the Dungeon.
             The game lasted 00:02:18 (264 turns).

Amnesiac the Gusty (Mummy Air Elementalist)          Turns: 264, Time: 00:02:19

Health: -1/19      AC:  2    Str: 11    XL:     2   Next: 72%
Magic:  0/6        EV: 12    Int: 14    God:
Gold:   15         SH:  0    Dex: 12    Spells: 6/7 levels left

rFire    x . .     SeeInvis .   c - +0 spear
rCold    + . .     Gourm    .   (no shield)
rNeg     + + +     Faith    .   a - +0 robe
rPois    ∞         Spirit   +   (no helmet)
rElec    .         Reflect  .   (no cloak)
rCorr    .         Harm     .   (no gloves)
MR       .....     Rnd*Tele +   (no boots)
Stlth    ++........             b - amulet of guardian spirit
HPRegen  0.06/turn              e - ring of teleportation (curse)
MPRegen  0.10/turn              (no ring)

@: no status effects
A: no food or potions, fire vulnerability, cold resistance 1, negative energy
resistance 3, torment resistance, unbreathing
a: no special abilities


You were on level 1 of the Dungeon.
You were not hungry.

You visited 1 branch of the dungeon, and saw 3 of its levels.

You collected 15 gold pieces.

Inventory:

Hand Weapons
 c - a +0 spear (weapon)
Armour
 a - a +0 robe (worn)
Jewellery
 b - an amulet of guardian spirit (around neck)
 e - a cursed ring of teleportation (left hand)
Scrolls
 d - a scroll of remove curse {!r, unknown}
 f - a scroll of identify {!r, unknown}


   Skills:
 - Level 1.5 Dodging
 - Level 1.5 Stealth
 + Level 3.1 Spellcasting
 - Level 0.7 Conjurations
 * Level 3.1 Air Magic


You had 6 spell levels left.
You knew the following spells:

 Your Spells              Type           Power        Failure   Level  Hunger
a - Shock                 Conj/Air       #...         10%         1    N/A

Your spell library contained the following spells:

 Spells                   Type           Power        Failure   Level  Hunger
 Lightning Bolt           Conj/Air       #.........   95%         5    N/A
 Swiftness                Chrm/Air       #.......     17%         2    N/A
 Airstrike                Air            ##........   50%         4    N/A
 Static Discharge         Conj/Air       #.......     28%         3    N/A

Dungeon Overview and Level Annotations

Branches:
Dungeon (3/15)

Altars:


Innate Abilities, Weirdness & Mutations

You do not eat or drink.
Your flesh is vulnerable to fire.
You are immune to poison.
Your flesh is cold resistant. (rC+)
You are immune to negative energy. (rN+++)
You are immune to unholy pain and torment.
You can survive without breathing.


Message History

Casting: Shock (safe; 10% risk of failure)
Confirm with . or Enter, or press ? or * to list all spells.
You don't have enough magic to cast that spell.
Your magical contamination has completely faded away.
Casting: Shock (safe; 10% risk of failure)
Confirm with . or Enter, or press ? or * to list all spells.
You don't have enough magic to cast that spell.
A jackal comes into view.
The ball python hisses angrily.
The jackal barks! x2; You hear a shout!
The jackal bites you.
Found a stone staircase leading up.
There is an open door here.
The jackal bites you.
* * * LOW HITPOINT WARNING * * *
Things that are here:
a dagger; a goblin corpse
There is a stone staircase leading up here.
You can't go down here!
The jackal bites you.
* * * LOW HITPOINT WARNING * * *
The jackal misses you. The jackal bites you.
* * * LOW HITPOINT WARNING * * *
You climb upwards.
There is a stone staircase leading down here.
The jackal closely misses you. The giant cockroach barely misses you.
The jackal bites you.
* * * LOW HITPOINT WARNING * * *
There is a stone staircase leading up here.
You can't go down here!
The jackal bites you.
* * * LOW HITPOINT WARNING * * *
The giant cockroach barely misses you. The jackal barely misses you.
You climb upwards.
There is a stone staircase leading down here.
The jackal bites you but does no damage.
The giant cockroach bites you. The jackal bites you.
* * * LOW HITPOINT WARNING * * *
The jackal barely misses you.
Casting: Shock (safe; 10% risk of failure)
Confirm with . or Enter, or press ? or * to list all spells.
Aiming: Shock (safe; 10% risk of failure)
Press: ? - help, Shift-Dir - straight line The zap misses the jackal.
The zap hits the jackal.
The jackal is moderately wounded.
The jackal closely misses you.
Unknown command.
Casting: Shock (safe; 10% risk of failure)
Confirm with . or Enter, or press ? or * to list all spells.
You don't have enough magic to cast that spell.
Attack whom?
Press: ? - help, Dir - move target cursor, f - jackal
Aim: a jackal (moderately wounded)
You hit the jackal.
The jackal is heavily wounded.
The jackal closely misses you.
The jackal bites you but does no damage.
Attack whom?
Press: ? - help, Dir - move target cursor, f/p - jackal
Aim: a jackal (heavily wounded)
You closely miss the jackal.
The jackal is heavily wounded.
The jackal bites you.
You die...

#.# #.# #.# #.#
#.# #########.#
#.# .......>..#
#.# ########..#
#.# #..# #.#
#..########.######
#.sh@............#
#.##.###.##.####.#
#.##.# #.##.# #
#.##.# #.##.#
#.##.# #.##(#
..##.# #.##.#
####.# #..... #.#
####.# #.#


You could see a jackal and a giant cockroach.

Vanquished Creatures
  An adder (D:3)
  An orc (D:3)
  A giant cockroach (D:3)
  3 goblins (D:3)
  A hobgoblin (D:3)
  A bat (D:3)
  5 rats (D:1)
13 creatures vanquished.

Notes
Turn   | Place    | Note
-------+----------+-------------------------------------------
     0 | D:1      | Amnesiac the Mummy Air Elementalist began the quest for the Orb.
     0 | D:1      | Reached XP level 1. HP: 13/13 MP: 4/4
   120 | D:3      | Reached XP level 2. HP: 19/19 MP: 0/5
   264 | D:1      | Slain by a jackal

Vault maps used:
D:1:      dpeg_arrival_ratfight
D:2:      lemuel_doored_altar, nicolae_gozag_zags_fifth_avenue,
          chequers_temple_overflow_minitemple, first_ration, uniq_robin,
          uniq_terence

Skill      XL: |  1  2 |
---------------+-------+-----
Air Magic      | 3 |  3.1
Spellcasting   | 3 |  3.1
Dodging        | |  1.5
Stealth        | |  1.5
Conjurations   | |  0.7

Action                   || total
-------------------------++-------
Melee: Spear             ||    17
 Cast: Shock             ||    18
 Stab: Sleeping          ||     1
Armor: Robe              ||     9
Dodge: Dodged            ||    33

Table legend:
 A = Non-vault XP
 B = Vault XP
 C = Vault XP percentage of total XP
 D = Non-vault monster count
 E = Vault monster count
 F = Vault count percentage of total count
 G = Total turns spent on level
                 A         B        C        D         E       F
            +---------+---------+-------+---------+---------+-------
      Total |      28 |       5 |  15.2 |       8 |       5 |  38.5
            +---------+---------+-------+---------+---------+-------
        D:1 |       0 |       5 | 100.0 |       0 |       5 | 100.0
        D:3 |      28 |       0 |   0.0 |       8 |       0 |   0.0
            +---------+---------+-------+---------+---------+-------
